 Dungeon Crawl Stone Soup version 0.26-a0-1181-gd376ed14c5 (webtiles) character file.

Game seed: 4595768431079617842

16888 Marmelada01 the Covert (level 12, -10/116 HPs)
             Began as a Naga Wanderer on Dec 25, 2020.
             Was an Initiate of Gozag.
             Mangled by a water elemental (12 damage)
             ... on level 12 of the Dungeon.
             The game lasted 00:23:54 (14056 turns).

Marmelada01 the Covert (Naga Wanderer)             Turns: 14056, Time: 00:23:55

Health: -10/116    AC: 16    Str: 21    XL:     12   Next: 42%
Magic:  12/12      EV:  5    Int: 10    God:    Gozag
Gold:   2448       SH:  7    Dex: 12    Spells: 11/11 levels left

rFire    + . .     SeeInvis +   C - +2 broad axe (elec)
rCold    . . .     Faith    .   y - +2 buckler
rNeg     . . .     Spirit   .   E - +1 chain mail of the Sunfish {rF+ Regen+}
rPois    +         Reflect  .   (no helmet)
rElec    .         Harm     .   F - +0 cloak
rCorr    .         Rampage  .   S - +0 pair of gloves
Will     ++...                  (no barding)
Stlth    +++.......             I - amulet of magic regeneration
HPRegen  0.69/turn              j - ring of willpower
MPRegen  0.38/turn              r - +4 ring of protection

@: very slow
A: large, see invisible, deformed body, poison resistance, slowness 2, spit
poison 1, AC +4
a: Spit Poison, Renounce Religion, Potion Petition, Call Merchant, Bribe Branch


You were on level 12 of the Dungeon.
You worshipped Gozag.
Gozag was most pleased with you.
You visited 2 branches of the dungeon, and saw 13 of its levels.

You collected 2933 gold pieces.
You paid 485 gold pieces to Gozag.

Inventory:

Hand Weapons
 a - a +0 hand crossbow
 d - a +0 hand axe
 e - a +0 dagger
 C - a +2 broad axe of electrocution (weapon)
Missiles
 c - 80 bolts
 D - 3 throwing nets
Armour
 b - a +3 scale mail
 p - a +2 robe of willpower
 y - a +2 buckler (worn)
 E - the +1 chain mail of the Sunfish (worn) {rF+ Regen+}
   (You found it on level 6 of the Dungeon)

   It protects you from fire.
   It increases your rate of regeneration.
 F - a +0 cloak (worn)
 S - a +0 pair of gloves (worn)
Jewellery
 j - a ring of willpower (left hand)
 o - an uncursed ring of ice
 r - a +4 ring of protection (right hand)
 x - an uncursed ring of ice
 I - an amulet of magic regeneration (around neck)
 P - an uncursed ring of fire
Wands
 l - a wand of digging (11)
 B - a wand of random effects (25)
 H - a wand of polymorph (16)
Scrolls
 h - 3 scrolls of teleportation
 i - 8 scrolls of remove curse
 m - a scroll of immolation
 n - a scroll of vulnerability {unknown}
 q - 5 scrolls of blinking
 s - 3 scrolls of enchant armour
 t - 4 scrolls of random uselessness
 v - a scroll of torment
 w - a scroll of noise
 G - 2 scrolls of fear
 L - 3 scrolls of identify
 O - a scroll of summoning {unknown}
 Q - 2 scrolls of amnesia {unknown}
Potions
 f - 3 potions of brilliance
 g - 6 potions of degeneration
 k - a potion of flight
 u - a potion of mutation
 z - a potion of attraction
 A - 3 potions of might
 K - a potion of heal wounds
 M - a potion of magic
 R - a potion of curing


   Skills:
 + Level 9.6 Fighting
 * Level 13.6 Axes
 - Level 2.4 Armour
 + Level 14.4 Stealth
 - Level 5.0 Shields


You had 11 spell levels left.
You didn't know any spells.
Your spell library contained the following spells:

 Spells                   Type           Power        Failure   Level
 Beastly Appendage        Tmut           0%           98%         1
 Magic Dart               Conj           0%           98%         1
 Summon Small Mammal      Summ           0%           98%         1
 Blink                    Tloc           N/A          99%         2
 Call Imp                 Summ           0%           99%         2
 Slow                     Hex            0%           99%         2
 Wereblood                Tmut           0%           99%         2
 Call Canine Familiar     Summ           0%           100%        3
 Conjure Flame            Conj/Fire      0%           100%        3
 Mephitic Cloud           Conj/Pois/Air  0%           100%        3
 Spider Form              Tmut/Pois      0%           100%        3
 Summon Guardian Golem    Hex/Summ       0%           100%        3
 Ice Form                 Ice/Tmut       0%           100%        4
 Summon Ice Beast         Ice/Summ       0%           100%        4
 Summon Lightning Spire   Summ/Air       0%           100%        4
 Blade Hands              Tmut           0%           100%        5


Dungeon Overview and Level Annotations

Branches:
Dungeon (12/15)            Temple (1/1) D:4             Orc (0/2) D:11
   Lair: D:8-11

Altars:
Ashenzari
Cheibriados
Dithmenos
Elyvilon
Fedhas
Gozag
Kikubaaqudgha
Makhleb
Nemelex Xobeh
Okawaru
Qazlal
Ru
Sif Muna
Trog
Uskayaw
Vehumet
Xom
Yredelemnul
Zin
The Shining One

Annotations:
D:5 exclusion: 2 doors
D:8 exclusion: death yak
D:11 2 transporters, Dracia's ghost, journeyman DsAK


Innate Abilities, Weirdness & Mutations

You cannot wear boots.
Your serpentine skin is tough. (AC +4)
You have supernaturally acute eyesight. (SInv)
Armour fits poorly on your strangely shaped body.
Your system is resistant to poisons. (rPois)
You cover ground very slowly.
You can spit poison.


Message History

You block the water elemental's attack.
Evoke which item? (* to show all) (? for menu, Esc to quit)
Okay, then.
Okay, then.
Okay, then.
You barely miss the water elemental.
The water elemental is severely damaged.
The water elemental barely misses you.
You hit the water elemental but do no damage.
The water elemental is severely damaged.
The water elemental hits you!
* * * LOW HITPOINT WARNING * * *
The water elemental engulfs you in water!
Okay, then.
You cannot read scrolls while unable to breathe!
You slip free of the water engulfing you.
You gasp with relief as air once again reaches your lungs.
The water elemental hits you!
You die...
Your body crumbles into a pile of gold.

...##........#...####........##..
...##...##...#...# #........##..
...##...##...#...# #........##..
...##...##...#...# #.....)))##..
...##...##...#...# #........##..
...##...##...#...# #....≈PP.##.[
...##...##...#...# #.....≈≈P##..
...##...##...#...# #....≈≈≈P##..
...##...........@####....≈♣≈.....
...##...##...##.E.........P≈P....
...##...##...##..........≈≈≈≈P...
...##...##...##.......... ≈≈.P.
...##...##...##♣♣.♣♣.....


♣PPPP ...##...##...# ♣≈.≈♣..... ≈≈PPP ...##...##...# ♣≈$♣♣ .... ≈≈♣P♣
...##...##...♣ ♣♣≈♣ .# ≈≈≈♣≈ ...##...##.♣♣♣ ♣≈≈ P♣ ♣≈ You could see a water
elemental.

Vanquished Creatures
  Nessos (D:12)
  Harold (D:8)
  A hydra (D:10)
  A two-headed ogre (D:12)
  A manticore (D:11)
  An ugly thing (D:11)
  A cyclops (D:11)
  2 komodo dragons
  2 trolls
  3 polar bears (D:9)
  2 hornets
  A meliai zombie (D:11)
  Grinder (D:6)
  Sigmund (D:2)
  A wyvern (D:9)
  3 water elementals (D:12)
  A wraith (D:10)
  2 shadows (D:11)
  14 yaks
  Edmund (D:6)
  7 ice beasts
  2 sky beasts
  5 orc warriors
  3 eyes of draining
  A necrophage (D:5)
  3 phantoms
  3 ogres
  4 centaurs
  3 big kobolds
  5 bullfrogs
  3 gnoll sergeants (D:7)
  A wyvern zombie (D:12)
  A hornet simulacrum (D:9)
  3 scorpions
  14 killer bees
  9 wights
  3 howler monkeys
  2 electric eels
  2 centaur zombies
  A bullfrog skeleton (D:11)
  3 bullfrog zombies
  12 hounds
  5 jellies
  3 centaur skeletons
  3 gnoll shamans
  An orc priest (D:6)
  13 orc wizards
  Jessica (D:2)
  8 iguanas
  Natasha (twice) (D:2)
  4 worker ants
  2 hell rats (D:8)
  A hound skeleton (D:10)
  A worker ant zombie (D:5)
  25 gnolls
  A howler monkey skeleton (D:8)
  10 adders
  A river rat (D:8)
  A shadow imp (D:6)
  6 white imps
  3 ufetubi
  An ooze (D:3)
  An adder skeleton (D:3)
  4 worms
  A dart slug (D:1)
  5 leopard geckos
  47 orcs
  3 ball pythons
  A bat zombie (D:2)
  2 giant cockroaches
  6 hobgoblins
  7 jackals
  2 quokkas
  9 bats
  3 frilled lizards
  5 goblins
  20 kobolds
  A quokka simulacrum (D:9)
  13 rats
353 creatures vanquished.

Vanquished Creatures (others)
  12 plants
12 creatures vanquished.

Grand Total: 365 creatures vanquished

Notes
Turn   | Place    | Note
-------+----------+-------------------------------------------
     0 | D:1      | Marmelada01 the Naga Wanderer began the quest for the Orb.
     0 | D:1      | Marmelada01 set off with the following items: a +0 hand
                  | crossbow, a +2 scale mail, 21 bolts, a +0 hand axe, a +0
                  | dagger
     0 | D:1      | Reached XP level 1. HP: 18/18 MP: 1/1
   240 | D:1      | Reached XP level 2. HP: 25/25 MP: 2/2
   771 | D:2      | Reached XP level 3. HP: 23/31 MP: 3/3
   938 | D:2      | Noticed Jessica
   946 | D:2      | Killed Jessica
   947 | D:2      | Reached skill level 4 in Stealth
   947 | D:2      | Reached XP level 4. HP: 36/39 MP: 4/4
  1002 | D:2      | You fall into a shaft and drop 2 floors!
  1008 | D:4      | Reached skill level 5 in Axes
  1257 | D:2      | Reached XP level 5. HP: 29/46 MP: 5/5
  1810 | D:2      | Reached skill level 5 in Stealth
  1894 | D:2      | You fall into a shaft and drop 1 floor!
  1964 | D:2      | Noticed Sigmund
  1977 | D:2      | Killed Sigmund
  1978 | D:2      | Reached XP level 6. HP: 43/56 MP: 6/6
  2158 | D:2      | Found a faded altar of an unknown god.
  2159 | D:2      | Noticed Natasha
  2175 | D:2      | Killed Natasha
  2235 | D:2      | Noticed Natasha
  2241 | D:2      | Killed Natasha
  2324 | D:3      | Reached skill level 6 in Stealth
  2715 | D:3      | Found a burning altar of Makhleb.
  2721 | D:3      | Reached XP level 7. HP: 62/62 MP: 7/7
  3447 | D:4      | Found a staircase to the Ecumenical Temple.
  3492 | Temple   | Entered the Ecumenical Temple
  3588 | Temple   | Became a worshipper of Gozag Ym Sagoz the Greedy
  3725 | D:4      | You fall into a shaft and drop 3 floors!
  4029 | D:6      | Noticed Grinder
  4042 | D:6      | Paralysed by Grinder for 4 turns
  4051 | D:6      | Killed Grinder
  4052 | D:6      | Reached skill level 7 in Stealth
  4052 | D:6      | Reached XP level 8. HP: 47/72 MP: 8/8
  4071 | D:6      | Got an encrusted chain mail
  4082 | D:6      | Identified the +1 chain mail of the Sunfish {rF+ Regen+}
                  | (You found it on level 6 of the Dungeon)
  4280 | D:6      | Noticed Edmund
  4290 | D:6      | Killed Edmund
  5014 | D:5      | Entered Level 5 of the Dungeon
  5438 | D:5      | Reached skill level 8 in Stealth
  5593 | D:5      | Found a broken altar of Ashenzari.
  5906 | D:5      | Reached skill level 5 in Fighting
  6384 | D:5      | Noticed a troll
  6404 | D:5      | Killed a troll
  6405 | D:5      | Reached skill level 9 in Stealth
  6405 | D:5      | Reached XP level 9. HP: 14/81 MP: 9/9
  6934 | D:7      | Found a glowing golden altar of the Shining One.
  6983 | D:7      | HP: 5/120 [wight/+3 halberd of freezing (4)]
  7325 | D:7      | Reached skill level 10 in Stealth
  7475 | D:7      | Reached skill level 10 in Axes
  8275 | D:8      | Noticed a death yak
  8302 | D:8      | Reached XP level 10. HP: 70/92 MP: 10/10
  8322 | D:8      | Reached skill level 11 in Stealth
  8322 | D:8      | Reached skill level 1 in Shields
  8859 | D:8      | Noticed Harold
  8882 | D:8      | Killed Harold
  8986 | D:8      | Noticed a death yak
  8986 | D:8      | Noticed a death yak
  9555 | D:9      | Reached skill level 12 in Stealth
  9685 | D:9      | Reached XP level 11. HP: 92/102 MP: 11/11
 10315 | D:10     | Entered Level 10 of the Dungeon
 10334 | D:10     | Reached skill level 5 in Shields
 10357 | D:10     | Found a white marble altar of Elyvilon.
 11041 | D:10     | Noticed a four-headed hydra
 11052 | D:10     | Killed a seven-headed hydra
 11724 | D:11     | Noticed a cyan ugly thing
 11730 | D:11     | Killed a cyan ugly thing
 11747 | D:11     | Reached skill level 13 in Stealth
 12016 | D:11     | Found a transporter.
 12016 | D:11     | Noticed Dracia's ghost (journeyman DsAK)
 12018 | D:11     | Noticed a boulder beetle
 12036 | D:11     | Noticed a deep troll
 12053 | D:11     | Found a transporter.
 12085 | D:11     | Noticed a cyclops
 12092 | D:11     | Killed a cyclops
 12519 | D:11     | Found a staircase to the Orcish Mines.
 12596 | D:11     | Noticed a manticore
 12605 | D:11     | Killed a manticore
 12606 | D:11     | Reached XP level 12. HP: 58/114 MP: 12/12
 13238 | D:12     | Found a white marble altar of Elyvilon.
 13499 | D:12     | Noticed Nessos
 13515 | D:12     | Killed Nessos
 13516 | D:12     | Reached skill level 14 in Stealth
 13736 | D:12     | Noticed a two-headed ogre
 13744 | D:12     | Killed a two-headed ogre
 14047 | D:12     | HP: 4/116 [water elemental (4)]
 14055 | D:12     | HP: 1/116 [water elemental (15)]
 14056 | D:12     | Mangled by a water elemental

Illustrated notes

Levels and vault maps discovered:
D:1:      noname_arrival_rooms_in_the_neighbourhood, layout_basic
D:2:      kennysheep_six_static_rooms, layout_basic,
          chequers_ecumenical_altar_simple, minmay_hexomino_f4, uniq_sigmund,
          uniq_jessica, uniq_natasha
D:3:      layout_rooms, old_standard_altar, minmay_puff
D:4:      layout_gridville, temple_pool_b
D:5:      cheibrodos_two_vegetables, layout_basic, basic_altar,
          kennysheep_small_square
D:6:      layout_layer_cave, uniq_edmund, uniq_grinder
D:7:      layout_cave_pools, serial_gnoll_camp, gnoll_camp_mini_loothouse,
          gnoll_camp_medium_02, gnoll_camp_mini_hut, gnoll_camp_huts_basic,
          basic_altar, lightli_ossuary_entry_decrepit_ruins,
          minmay_misc_feat_roman
D:8:      layout_basic, lemuel_coloured_pillars_altar, dpeg_lair_monsters,
          uniq_harold
D:9:      layout_long_grid, serial_ice, serial_ice_m, serial_ice_j,
          serial_ice_f, serial_ice_g, minmay_diced_spiral
D:10:     layout_layer_cave, chequers_serial_rivers_micro_e, elyvilon_altar_3
D:11:     layout_basic, orc_0_dummy, gammafunk_ghost_arena
D:12:     layout_long_grid, serial_bayou, serial_bayou_shore_a,
          serial_bayou_crossing, serial_bayou_lagoon_a, serial_bayou_pond_e,
          basic_altar, uniq_nessos
Temple:   regret_index_temple_chain_breaker

Skill      XL: |  1  2  3  4  5  6  7  8  9 10 11 12 |
---------------+-------------------------------------+-----
Fighting       | 2 3 4 5 6 7 9 |  9.6
Stealth        | 4 5 6 7 9 10 12 13 14 | 14.4
Axes           | 5 6 7 9 10 11 13 | 13.6
Shields        | 4 5 |  5.0
Armour         | |  2.4

Action                   |  1- 3 |  4- 6 |  7- 9 | 10-12 || total
-------------------------+-------+-------+-------+-------++-------
Melee: Hand axe          |   106 |   163 |   106 |       ||   375
       Broad axe         |       |       |   364 |   544 ||   908
Invok: Potion Petition   |       |       |     1 |       ||     1
 Abil: Spit Poison       |     1 |     7 |    11 |     9 ||    28
Evoke: Wand              |       |       |     1 |    11 ||    12
  Use: Scroll            |       |     5 |    13 |     6 ||    24
       Potion            |       |       |     6 |     4 ||    10
 Stab: Distracted        |       |     1 |     7 |     2 ||    10
       Sleeping          |       |       |     1 |     5 ||     6
       Paralysed         |       |       |       |    10 ||    10
Armor: Scale mail        |    75 |   117 |    50 |       ||   242
       Skin              |       |       |    33 |    68 ||   101
       Chain mail        |       |       |   373 |   301 ||   674
Dodge: Dodged            |    52 |    54 |   181 |   128 ||   415
Block: Buckler           |       |       |     3 |   174 ||   177

Table legend: (Time is in decaauts)
 A = Elapsed time spent in this place.
 B = Non-inter-level travel time spent in this place.
 C = Inter-level travel time spent in this place.
 D = Time resting spent in this place.
 E = Time spent auto-exploring this place.
 F = Levels seen in this place.
 G = Mean time per level.
                   A        B        C        D        E       F      G
               +--------+--------+--------+--------+--------+-----+--------+
         Total |  17547 |  16951 |    596 |   1881 |  11704 |  13 | 1349.8 |
       Dungeon |  17397 |  16832 |    565 |   1881 |  11591 |  12 | 1449.8 |
        Temple |    149 |    119 |     30 |      0 |    113 |   1 |  149.0 |
               +--------+--------+--------+--------+--------+-----+--------+

Top non-repeatable levels by time:
     D:5: 1940 daAuts
    D:10: 1891 daAuts
     D:6: 1811 daAuts
     D:7: 1598 daAuts
     D:9: 1591 daAuts
     D:2: 1588 daAuts
    D:11: 1541 daAuts
     D:3: 1377 daAuts
    D:12: 1285 daAuts
     D:4: 977 daAuts
     D:8: 906 daAuts
     D:1: 887 daAuts
  Temple: 149 daAuts
